 Dungeon Crawl Stone Soup version 0.17-a0-1954-g0dddeaa (webtiles) character file.

12920 Kusio the Bludgeoner (level 12, -4/130 HPs)
             Began as an Ogre Berserker on Oct 4, 2015.
             Was a High Priest of Trog.
             Slain by a small abomination (18 damage)
             ... on level 11 of the Dungeon.
             The game lasted 00:34:37 (10851 turns).

Kusio the Bludgeoner (Ogre Berserker)              Turns: 10851, Time: 00:34:37

Health: -4/130     AC: 10    Str: 26    XL:     12   Next: 0%
Magic:  12/12      EV: 10    Int:  6    God:    Trog [*****.]
Gold:   588        SH:  0    Dex: 12    Spells: 0 memorised, 11 levels left

rFire  + . .     SeeInvis .     M - +0 giant spiked club
rCold  + . .     Clarity  .     X - +0 mottled dragon armour
rNeg   . . .     SustAt   .     (no shield)
rPois  .         Gourm    +     (helmet restricted)
rElec  .         Spirit   .     O - +2 cloak
rCorr  .         Warding  .     (gloves unavailable)
rMut   .         Stasis   .     (boots unavailable)
MR     +....                    a - amulet of the gourmand
Stlth  +.........               b - ring of protection from cold
                                s - ring of protection from fire

@: about to teleport, studying Stealth, somewhat resistant to hostile
enchantments, very unstealthy
A: unfitting armour, tough skin 1
a: Burn Spellbooks, Berserk, Trog's Hand, Brothers in Arms, Renounce Religion


You were on level 11 of the Dungeon.
You worshipped Trog.
Trog was extremely pleased with you.
You were near starving.

You visited 1 branch of the dungeon, and saw 11 of its levels.
You also visited: Labyrinth.

You collected 588 gold pieces.

Inventory:

Hand weapons
 q - a +1 great mace of holy wrath
 z - a +0 giant club
 M - a +0 giant spiked club (weapon)
Missiles
 A - 31 poisoned needles
 J - 4 large rocks (quivered)
Armour
 l - a +1 robe of positive energy
 O - a +2 cloak (worn)
 X - a +0 mottled dragon armour (worn)
Jewellery
 a - an amulet of the gourmand (around neck)
 b - a ring of protection from cold (right hand)
 n - an uncursed ring of ice
 s - a ring of protection from fire (left hand)
 t - an uncursed ring of flight
 y - an uncursed ring of protection from magic
 G - an uncursed ring of fire
 R - an uncursed amulet of warding
 U - an uncursed ring of ice
 V - an uncursed ring of see invisible
Magical devices
 p - a wand of magic darts (17)
 v - a wand of digging (10)
 x - a wand of disintegration (24)
Scrolls
 e - 2 scrolls of enchant weapon
 g - 2 scrolls of teleportation
 h - 4 scrolls of blinking
 i - 2 scrolls of enchant armour
 j - a scroll of remove curse
 k - 2 scrolls of fear
 r - 3 scrolls of fog
 D - 2 scrolls of magic mapping
Potions
 d - a potion of agility
 f - 2 potions of flight {unknown}
 m - 2 potions of lignification {unknown}
 o - a potion of heal wounds
 u - a potion of mutation {unknown}
 w - 2 potions of cancellation
 B - a potion of haste {unknown}
 F - 3 potions of might
 I - a potion of magic {unknown}
 K - a potion of ambrosia {unknown}
 P - a potion of berserk rage {unknown}
Books
 C - a manual of Stealth
Comestibles
 c - 10 bread rations
 E - 3 meat rations
 H - 2 beef jerkies


   Skills:
 + Level 11.0 Fighting
 + Level 20.3 Maces & Flails
 - Level 2.6 Dodging


You had 11 spell levels left.
You didn't know any spells.

Dungeon Overview and Level Annotations

Branches:
Dungeon (11/15)            Temple (0/1) D:6            Lair (0/8) D:8
    Orc (0/4) D:10

Altars:
Cheibriados
Gozag
Makhleb
Qazlal
Ru
Sif Muna
Yredelemnul
Zin
Beogh


Innate Abilities, Weirdness & Mutations

You are too large for most types of armour.
You have tough skin (AC +1).


Message History

* * * LOW HITPOINT WARNING * * *
You bludgeon the small abomination!!
The small abomination is almost destroyed.
The small abomination hits you!
* * * LOW HITPOINT WARNING * * *
The small abomination hits you!
* * * LOW HITPOINT WARNING * * *
Drink which item? (? for menu, Esc to quit)
You feel much better.
The small abomination completely misses you.
Read which item? (? for menu, Esc to quit)
As you read the scroll of teleportation, it crumbles to dust.
You feel strangely unstable. The small abomination hits you!!
* * * LOW HITPOINT WARNING * * *
Things that are here:
an enchanted mace; a robe The small abomination hits you!
* * * LOW HITPOINT WARNING * * *
The small abomination hits you!!
You die...

#########............#
...>...).............#
#########............# #
#............#
#.........######*###
#.........#....#...#
#.........#....'...#
#######..##....#...#
########@.#....#,..# ######
#.......)x#....#*+##
)....####........xX)...#,,,*
...<.#..'.........#....#,,,*
.....#[##.......[.#....#,,,*
.....'.##.........######****
.....####......).....#
.....# #............# .....#
#............#


You could see a large abomination and 2 small abominations.

Vanquished Creatures
  A minotaur (Lab)
  A wizard (D:11)
  Pikel (D:9)
  3 hill giants
  A centaur zombie (D:10)
  The ghost of zigs the Nimble, an experienced SpAs of Dithmenos (D:5)
  A gargoyle (D:11)
  A minotaur zombie (Lab)
  A wyvern (D:10)
  2 wraiths
  Eustachio (D:6)
  A mottled dragon (D:9)
  6 hungry ghosts
  3 steam dragons
  2 hippogriffs
  A soldier ant (D:11)
  Edmund (D:4)
  4 sky beasts
  4 large abominations (D:11)
  An ice beast (D:6)
  3 phantoms
  8 orc warriors
  A slave (D:9)
  2 black bears
  3 centaurs
  6 ogres
  2 wasps
  An eye of draining (D:11)
  3 big kobolds
  5 giant frogs
  A gnoll sergeant (D:7)
  4 small abominations (D:11)
  4 scorpions
  A troll zombie (D:10)
  2 wights (D:11)
  2 crimson imps
  8 orc wizards
  Crazy Yiuf (D:6)
  7 orc priests
  Ijyb (D:2)
  4 jellies
  7 hounds
  6 worker ants
  Jessica (D:2)
  3 iguanas
  Terence (D:2)
  Natasha (thrice) (D:2)
  5 ogre zombies (D:10)
  A hound skeleton (D:8)
  17 gnolls
  A river rat (D:8)
  12 adders
  3 shadow imps
  An ooze (D:3)
  An adder zombie (D:7)
  6 worms
  3 adder skeletons
  5 giant geckos
  52 orcs
  A ball python (D:4)
  9 bats
  7 giant cockroaches
  6 goblins
  11 hobgoblins
  14 jackals
  A giant cockroach zombie (D:9)
  7 giant newts
  3 goblin skeletons (D:10)
  A hobgoblin zombie (D:10)
  A jackal skeleton (D:6)
  17 kobolds
  14 orc zombies (D:10)
  5 quokkas
  A quokka skeleton (D:4)
  13 rats
345 creatures vanquished.

Notes
Turn   | Place    | Note
--------------------------------------------------------------
     0 | D:1      | Kusio the Ogre Berserker began the quest for the Orb.
     0 | D:1      | Reached XP level 1. HP: 24/24 MP: 1/1
   111 | D:1      | Reached XP level 2. HP: 26/32 MP: 2/2
   221 | D:1      | Reached skill level 5 in Maces & Flails
   262 | D:1      | Acquired Trog's second power
   554 | D:1      | Reached XP level 3. HP: 39/39 MP: 3/3
   735 | D:2      | Noticed Jessica
   739 | D:2      | Killed Jessica
   739 | D:2      | Reached skill level 6 in Maces & Flails
   765 | D:2      | Noticed Natasha
   773 | D:2      | Killed Natasha
   773 | D:2      | Reached XP level 4. HP: 13/48 MP: 4/4
   839 | D:2      | Found a basalt altar of Yredelemnul.
   876 | D:2      | Noticed Ijyb
   889 | D:2      | Killed Ijyb
   889 | D:2      | Reached skill level 7 in Maces & Flails
   889 | D:2      | Reached XP level 5. HP: 28/54 MP: 5/5
   955 | D:2      | Found a faded altar to an unknown god.
  1323 | D:2      | Found a glowing silver altar of Zin.
  1438 | D:2      | Found a deep blue altar of Sif Muna.
  1518 | D:2      | Noticed Natasha
  1532 | D:2      | Killed Natasha
  1601 | D:2      | Noticed Natasha
  1608 | D:2      | Killed Natasha
  1782 | D:2      | Noticed Terence
  1790 | D:2      | Killed Terence
  1790 | D:2      | Reached skill level 8 in Maces & Flails
  2166 | D:3      | Found a sacrificial altar of Ru.
  2248 | D:3      | Reached XP level 6. HP: 43/62 MP: 6/6
  2269 | D:3      | Reached skill level 9 in Maces & Flails
  2795 | D:4      | HP: 3/93 [ogre/giant club (16)]
  2796 | D:4      | Reached skill level 10 in Maces & Flails
  2796 | D:4      | Reached XP level 7. HP: 3/70 MP: 7/7
  3098 | D:4      | Acquired Trog's third power
  3549 | D:4      | Noticed Edmund
  3572 | D:4      | Killed Edmund
  3831 | D:4      | Reached skill level 11 in Maces & Flails
  3911 | D:5      | Entered Level 5 of the Dungeon
  4164 | D:5      | Reached XP level 8. HP: 78/78 MP: 8/8
  4172 | D:5      | Reached skill level 12 in Maces & Flails
  4185 | D:5      | Noticed zigs's ghost (experienced SpAs)
  4233 | D:5      | Killed zigs's ghost
  4316 | D:5      | Received a gift from Trog
  4316 | D:5      | Reached skill level 13 in Maces & Flails
  4408 | D:5      | Found a snail-covered altar of Cheibriados.
  4612 | D:6      | Found a stormy altar of Qazlal.
  4777 | D:6      | Reached skill level 14 in Maces & Flails
  4779 | D:6      | Found a staircase to the Ecumenical Temple.
  4852 | D:6      | Noticed Eustachio
  4889 | D:6      | Reached XP level 9. HP: 38/84 MP: 9/9
  5053 | D:6      | Killed Eustachio
  5411 | D:6      | Noticed Crazy Yiuf
  5416 | D:6      | Killed Crazy Yiuf
  5525 | D:6      | Reached skill level 15 in Maces & Flails
  6169 | D:7      | Reached skill level 16 in Maces & Flails
  7094 | D:8      | Reached skill level 17 in Maces & Flails
  7094 | D:8      | Reached XP level 10. HP: 47/92 MP: 10/10
  7295 | D:8      | Found a staircase to the Lair.
  7514 | D:8      | Found an opulent altar of Gozag.
  7595 | D:8      | Found a burning altar of Makhleb.
  7975 | D:9      | Noticed Pikel
  7978 | D:9      | Killed Pikel
  7978 | D:9      | Reached skill level 18 in Maces & Flails
  8024 | D:9      | You fall through a shaft!
  8024 | D:10     | Entered Level 10 of the Dungeon
  8024 | D:10     | Found a staircase to the Orcish Mines.
  8024 | D:10     | Noticed a hill giant
  8157 | D:10     | Reached skill level 5 in Fighting
  8180 | D:10     | Killed a hill giant
  8453 | D:10     | Reached XP level 11. HP: 60/107 MP: 11/11
  8568 | D:10     | Reached skill level 19 in Maces & Flails
  8622 | D:10     | Received a gift from Trog
  8767 | D:10     | You fall through a shaft!
  8817 | D:11     | Found a labyrinth entrance.
  8827 | Lab      | Entered a labyrinth
  9234 | Lab      | Noticed a minotaur
  9244 | Lab      | Killed a minotaur
  9285 | Lab      | Identified a +3 rod of clouds (11/11) (You found it in a labyrinth)
  9289 | Lab      | Got a dazzling bardiche
  9290 | Lab      | Identified the cursed +1 bardiche of the Nexus {drain, rF+ rN+ MP+9 Stlth+} (You found it in a labyrinth)
  9956 | D:11     | Noticed a hill giant
  9962 | D:11     | Killed a hill giant
 10001 | D:11     | Found a roughly hewn altar of Beogh.
 10730 | D:11     | Reached skill level 10 in Fighting
 10760 | D:11     | Noticed a wizard
 10761 | D:11     | Noticed a hill giant
 10770 | D:11     | Killed a wizard
 10770 | D:11     | Reached skill level 20 in Maces & Flails
 10775 | D:11     | Killed a hill giant
 10840 | D:11     | Reached XP level 12. HP: 54/130 MP: 12/12
 10851 | D:11     | Slain by a small abomination

Vault maps used:
D:1:      lemuel_arrival_cross
D:2:      wad_river_or_something, zin_scriptorium,
          nicolae_overflow_crystal_walls, lemuel_blue_sif_altar,
          ecumenical_altar_2, first_bread, serial_curves, eino_curves_04,
          eino_curves_01, uniq_iyjb, uniq_terence, uniq_jessica, uniq_natasha
D:3:      nicolae_ru_path_of_blood
D:4:      uniq_edmund
D:5:      cheibrodos_worm_habitat
D:6:      grunt_qazlal_sundering, minmay_temple_entry_overgrown, minivault_24,
          uniq_crazy_yiuf_cottage, uniq_eustachio
D:8:      nicolae_overflow_hidden_temple, lemuel_coloured_pillars_altar,
          grunt_ogre_cave
D:9:      uniq_pikel
D:10:     lemuel_upstairs_altar, zombieorc1_lemuel
D:11:     lab_entry_generic, laboratory
Lab:      labyrinth_hidden_loot, lab_fountain, labyrinth_skeletal_remains,
          labyrinth_fake_exit

Action                   |  1- 3 |  4- 6 |  7- 9 | 10-12 || total
-------------------------+-------+-------+-------+-------++-------
Melee: Mace              |    76 |   186 |   260 |       ||   522
       Giant club        |       |       |   214 |   241 ||   455
       Giant spiked club |       |       |       |   183 ||   183
Throw: Large rock        |       |       |     6 |     5 ||    11
Invok: Berserk           |     1 |     3 |     7 |     2 ||    13
       Trog's Hand       |       |       |       |     1 ||     1
Evoke: Wand              |       |       |     6 |     1 ||     7
  Use: Scroll            |       |       |       |    20 ||    20
       Potion            |       |       |       |     2 ||     2
 Stab: Sleeping          |       |     2 |       |       ||     2
  Eat: Chunk             |       |     9 |    17 |     8 ||    34
       Fruit             |       |       |     4 |       ||     4
       Beef jerky        |       |       |     1 |     7 ||     8
       Pizza             |       |       |     1 |       ||     1
       Royal jelly       |       |       |       |     2 ||     2
       Meat ration       |       |       |       |     1 ||     1
